 Dungeon Crawl Stone Soup version 0.31-a0-978-g1e143483b6 (webtiles) character file.

Game seed: 2894421733981853894

191 Dirtsage the Insei (level 5, -9/35 HPs)
             Began as an Octopode Shapeshifter on Oct 30, 2023.
             Killed by divine providence
             ... invoked by an orc priest
              (12 damage)
             ... on level 4 of the Dungeon.
             The game lasted 00:07:53 (2084 turns).

Dirtsage the Insei (Octopode Shapeshifter)          Turns: 2084, Time: 00:07:54

Health: -9/35      AC:  1    Str: 13    XL:     5   Next: 70%
Magic:  0/5        EV: 13    Int: 13    God:
Gold:   105        SH:  0    Dex: 13    Spells: 2/4 levels left

rFire   . .          .
                       - Unarmed
rCold   . . .        (no shield)
rNeg    + . .        (helmet currently unavailable)
rPois   +            (no amulet)
rElec   .            S - ring of see invisible
rCorr   .            P - ring of poison resistance
SInv    +            N - ring of positive energy
Will    .....        (no ring)
Stlth   ++           (no ring)
HPRegen 0.25/turn    (no ring)
MPRegen 0.09/turn    (no ring)
                     (no ring)

%: no passive effects
@: beast-form
A: beast (slay +2), almost no armour, amphibious, 8 rings, camouflage 1,
gelatinous body 1, (nimble swimmer 1), tentacles
a: Begin Untransformation


You were on level 4 of the Dungeon.
You were a hulking beast.
You visited 1 branch of the dungeon, and saw 4 of its levels.

You collected 105 gold pieces.

Inventory:

Jewellery
 N - a ring of positive energy (on tentacle)
 P - a ring of poison resistance (right tentacle)
 S - a ring of see invisible (left tentacle)
Talismans
 b - a beast talisman
 c - a flux talisman
Scrolls
 d - a scroll of enchant armour
 g - a scroll of fear
 i - a scroll of identify {unknown}
 j - a scroll of enchant weapon {unknown}
 n - a scroll of immolation
 t - 5 scrolls of teleportation
Potions
 e - a potion of mutation {unknown}
 f - a potion of degeneration {unknown}
 h - 2 potions of brilliance {unknown}
 k - a potion of attraction {unknown}
 l - a potion of curing {unknown}
 m - a potion of berserk rage {unknown}


   Skills:
 + Level 2.3 Fighting
 - Level 2.0 Dodging
 * Level 4.4 Unarmed Combat
 + Level 0.9 Transmutations
 * Level 4.2 Shapeshifting


You had 2 spell levels left.
You knew the following spells:

 Your Spells              Type           Power      Damage    Failure   Level
a - Wereblood             Tmut           2%         N/A       32%         2

Your spell library contained the following spells:

 Spells                   Type           Power      Damage    Failure   Level
 Lesser Beckoning         Tloc           0%         N/A       43%         2
 Sublimation of Blood     Necr           0%         N/A       43%         2
 Gell's Gravitas          Tloc           0%         N/A       67%         3
 Teleport Other           Tloc           0%         N/A       67%         3
 Summon Hydra             Summ           0%         N/A       100%        7


Dungeon Overview and Level Annotations

Branches:
Dungeon (4/15)
 Temple: D:4-7

Altars:

Shops:
D:1 =

Annotations:
D:2 1 runed translucent door, Crazy Yiuf


Innate Abilities, Weirdness & Mutations

You are a hulking beast.
Your limbs bulge with bestial killing power. (Slay +2)
You cannot wear most types of armour.
You are amphibious.
You can wear up to eight rings at the same time.
Your skin changes colour to match your surroundings (Stealth+).
Your rubbery body absorbs attacks. (AC +1, EV +1)
((You are camouflaged when in or above water. (Stealth+)))
You have tentacles for arms and can constrict up to eight enemies at once.


Message History

The orc hits you but does no damage.
You take 1 damage, and have 30/52 hp.
You hit the orc but do no damage. The orc hits you with a +1 heavy mace.
The orc hits you with a +0 club. The orc hits you but does no damage.
You take 4 damage, and have 26/52 hp.
You smack the orc!
You kill the orc!
The orc hits you with a +2 antimagic war axe.
You feel your power leaking away. The orc hits you but does no damage.
You take 4 damage, and have 22/52 hp.
You now have 0/5 mp.
You barely miss the orc. You hit the orc priest.
The orc priest is heavily wounded.
The orc hits you but does no damage. The orc priest hits you with a +0 mace.
The orc hits you but does no damage.
You take 2 damage, and have 20/52 hp.
You barely miss the orc priest.
The orc priest is heavily wounded.
The orc hits you with a +2 antimagic war axe!
* * * LOW HITPOINT WARNING * * *
The orc priest calls upon Beogh to heal the orc.
The orc's wounds heal themselves!
The orc hits you but does no damage.
You take 8 damage, and have 12/52 hp.
You hit the orc priest.
You punch the orc priest, but do no damage.
The orc priest is heavily wounded.
You feel less wooden.
You turn into a hulking beast.
The orc misses you.
The orc priest mumbles some strange prayers to Beogh against you.
You barely resist. The orc misses you.
You now have 8/35 hp.
You barely miss the orc priest. You grab the orc priest.
The orc priest is heavily wounded.
You constrict the orc priest.
The orc hits you with a +2 antimagic war axe.
* * * LOW HITPOINT WARNING * * *
The orc priest mumbles some strange prayers to Beogh against you.
Beogh smites you!
You die...

###. ..#g .# ..... .##
.....#### ...# .....!..#
###.... .....<..###.....# ##
...........###..#..#
............#.....#######
..........oh....#..#.##.##
........##oo...##....#...###
..O$...###.###.............#
........#..................#
.........†........##.<....##
.#.##............####......#
...............).##....†...
........##...........##..
................#########


You could see an orc priest and 2 orcs.

Vanquished Creatures
  An ogre (D:4)
  Robin (D:2)
  3 adders
  3 worms
  7 orcs
  4 endoplasms
  A giant cockroach (D:3)
  12 goblins
  6 hobgoblins
  2 quokkas (D:3)
  3 ball pythons
  3 bats
  A frilled lizard (D:2)
  7 kobolds
  A rat (D:3)
55 creatures vanquished.

Notes
Turn   | Place    | Note
-------+----------+-------------------------------------------
     0 | D:1      | Dirtsage the Octopode Shapeshifter began the quest for the
                  | Orb.
     0 | D:1      | Reached XP level 1. HP: 13/13 MP: 1/1
    38 | D:1      | Found Vudgh's Jewellery Shoppe.
   206 | D:1      | Reached XP level 2. HP: 18/18 MP: 2/2
   724 | D:2      | Noticed Robin
   730 | D:2      | Killed Robin
   731 | D:2      | Reached XP level 3. HP: 19/23 MP: 3/3
   921 | D:2      | Found a runed translucent door.
   922 | D:2      | Noticed Crazy Yiuf
  1241 | D:3      | Reached XP level 4. HP: 24/29 MP: 4/4
  1285 | D:3      | Noticed Grinder
  1971 | D:4      | Learned a level 2 spell: Wereblood
  2019 | D:4      | Noticed an ogre
  2037 | D:4      | Killed an ogre
  2038 | D:4      | Reached XP level 5. HP: 28/35 MP: 5/5
  2084 | D:4      | Killed from afar by an orc priest

Illustrated notes

Levels and vault maps discovered:
D:1:      lemuel_arrival_broad_hall, layout_rooms, serial_shops, shop,
          minmay_distorted
D:2:      layout_loops_cross, kennysheep_generic_room_11,
          uniq_crazy_yiuf_cottage, uniq_robin
D:3:      layout_rooms, nicolae_houndstooth_variations, uniq_grinder
D:4:      layout_cave_pools, gammafunk_ghost_grave, kennysheep_generic_room_5

Skill      XL: |  1  2  3  4 |
---------------+-------------+-----
Fighting       | 2 |  2.3
Unarmed Combat | 4 |  4.4
Shapeshifting  | 4 |  4.2
Dodging        | |  2.0
Transmutations | |  0.9

Action                     |  1- 3 |  4- 6 || total
---------------------------+-------+-------++-------
  Melee: Unarmed           |    63 |    59 ||   122
         Constrict         |    15 |    13 ||    28
         Tentacles         |     9 |    10 ||    19
         Punch             |     1 |     2 ||     3
    Use: Scroll            |     2 |     5 ||     7
         Potion            |       |     1 ||     1
   Stab: Sleeping          |     6 |     3 ||     9
 Armour: Skin              |    20 |    36 ||    56
  Dodge: Dodged            |    29 |    19 ||    48

Table legend: (Time is in decaauts)
 A = Elapsed time spent in this place.
 B = Non-inter-level travel time spent in this place.
 C = Inter-level travel time spent in this place.
 D = Time resting spent in this place.
 E = Time spent auto-exploring this place.
 F = Levels seen in this place.
 G = Mean time per level.
                   A        B        C        D        E       F      G
               +--------+--------+--------+--------+--------+-----+--------+
         Total |   2073 |   1988 |     85 |    110 |   1354 |   4 |  518.2 |
       Dungeon |   2073 |   1988 |     85 |    110 |   1354 |   4 |  518.2 |
               +--------+--------+--------+--------+--------+-----+--------+

Top non-repeatable levels by time:
     D:3: 740 daAuts
     D:2: 698 daAuts
     D:1: 514 daAuts
     D:4: 120 daAuts
